Description

Hit at 7 minutes with 66 probes, a 4th Nexus just started, and 57 army supply consisting of

  • 3 Immortals
  • 2 Archons
  • 2 Sentries
  • 2 Adepts
  • 6 Zealots
  • 1 Warp Prism
  • 1 Observer

Build Order

Get SALT Encoding   

  14  0:17  Pylon  
  15  0:39  Gateway  
  16  0:40  Probe (Chrono Boost)  
  17  0:49  Assimilator  
  20  1:25  Nexus  
  20  1:35  Cybernetics Core  
  21  1:41  Assimilator  
  22  1:50  Pylon  
  23  2:00  Action  22P, 1 building
  24  2:10  Adept (Chrono Boost)  
  24  2:11  Warp Gate  
  26  2:20  Robotics Facility  
  28  2:30  Adept  
  35  2:54  Pylon  at top of ramp
  35  3:00  Action, Sentry  29P, 2 adepts
  39  3:12  Immortal  
  45  3:22  Gateway  
  46  3:35  Action  send units to clear third
  48  3:43  Nexus  
  49  3:47  Pylon  at third
  50  3:52  Observer  
  52  4:00  Action, Assimilator x2  39P, 2 adepts, 1 IMM, 1 sentry
  56  4:15  Immortal  
  60  4:20  Pylon x2  
  62  4:34  Shield Battery  3rd mineral line
  63  4:36  Twilight Council  
  63  4:37  Forge  
  64  4:38  Immortal  
  71  5:00  Action  48P, 2 adepts, 2 IMM, 2 sentry
  72  5:08  Gateway x3  
  72  5:15  Charge (Chrono Boost)  
  72  5:16  Protoss Ground Weapons Level 1 (Chrono Boost)  
  76  5:27  Templar Archives  
  77  5:36  Gateway  
  79  5:39  Warp Prism (Chrono Boost)  
  83  5:46  Pylon  
  84  5:54  Assimilator x2  
  85  5:58  Action  Chrono on Charge / + 1
  85  6:00  Action  59P, 2 adepts, 3 IMM, 2 sentry, 1 obs
  86  6:07  High Templar x4  
  94  6:12  Gateway x2  
  96  6:22  Pylon x2  
  96  6:30  Zealot x2  
  100  6:40  Zealot x4  middle of map
  109  6:42  Pylon x4  
  111  6:55  Action  fill gas #5 and #6
  111  6:57  Nexus  
  111  7:00  Action x2  66P, 2 adepts, 3 IMM, 2 archons, 6 zealots, 2 sentry, 1 obs, 1 WP1 obs, attack!
Spawning Tool Build Advisor. Get it on Overwolf

Go to:

Details

  • Created by: Laybunz
  • Published on: Jun 25, 2021
  • Modified on: Jun 25, 2021
  • Patch: 4.11.0
  • Difficulty: Medium
Show
View Real Time Build Order
Export as new Build Order

Comments (0)

There are no comments. Be the first!

Create an account to comment!